Map: Cerulean Fall LE

Players

Serral - Winner!

  • Race: Zerg Zerg
  • Spawn Location: 1:00

Denver

  • Race: Zerg Zerg
  • Spawn Location: 7:00

Event: WCS Montreal 2018

VOD

Have the link to the VOD?

Description

Time

  • Played on: Sept. 7, 2018, 6:13 p.m.
  • Length: 6:28

All games in this series

Show
View Real Time Build Order
Export as new Build Order

Serral Zerg - Winner!

Build Orders: Hatch First 

Get SALT Encoding   

  12  0:00  Drone  
  13  0:13  Overlord  
  13  0:18  Drone  
  14  0:31  Drone  
  14  0:32  Drone  
  16  0:49  Hatchery  
  15  0:53  Drone  
  15  0:56  Drone  
  17  0:59  Drone  
  18  1:10  Extractor  
  17  1:14  Spawning Pool  
  17  1:18  Drone  
  17  1:21  Drone  
  18  1:29  Drone  
  19  1:39  Drone  
  20  1:50  Overlord  
  20  2:01  Queen x2  
  20  2:04  Drone x2  
  26  2:11  Drone  
  26  2:12  Drone  
  28  2:22  Zergling x4  
  30  2:24  Metabolic Boost  
  30  2:36  Hatchery  
  29  2:38  Drone  
  29  2:39  Drone  
  29  2:43  Drone  
  32  2:48  Baneling Nest  
  31  2:52  Drone  
  31  2:54  Drone  
  31  2:55  Drone  
  34  3:06  Overlord  
  34  3:12  Zergling x4  
  36  3:16  Overlord  
  36  3:25  Zergling x10  
  41  3:33  Baneling, Zergling x2  
  41  3:34  Zergling x2, Baneling  
  43  3:35  Baneling  
  43  3:37  Queen  
  43  3:39  Zergling x2  
  46  3:43  Zergling x6  
  46  3:47  Overlord  
  49  3:51  Baneling x2  
  49  3:57  Drone x4  
  49  4:01  Drone x2  
  54  4:10  Overlord  
  54  4:13  Roach Warren  
  54  4:14  Drone  
  53  4:19  Drone x2  
  53  4:21  Drone x2  
  57  4:26  Extractor x2  
  57  4:27  Overlord  
  57  4:28  Zergling x2  
  56  4:35  Zergling x2  
  56  4:37  Drone x2  
  57  4:38  Drone x2  
  57  4:41  Drone  
  57  4:44  Zergling x2  
  59  4:47  Zergling x2  
  59  4:50  Zergling x2  
  58  5:01  Zergling x4  
  58  5:04  Baneling x2  
  59  5:12  Zergling x8  
  59  5:13  Baneling x2  
  63  5:15  Overlord  
  63  5:23  Roach x8  
  77  5:43  Roach x7  
  89  5:52  Overlord x2  
  89  5:53  Overlord  
  89  5:58  Overlord  
  89  6:10  Zergling x10  
  90  6:12  Baneling x2  
  90  6:18  Ravager  
Show
View Real Time Build Order
Export as new Build Order

Denver Zerg 

Build Orders: Hatch First 

Get SALT Encoding   

  12  0:01  Drone  
  13  0:13  Overlord  
  13  0:17  Drone  
  14  0:31  Drone x2  
  16  0:49  Hatchery  
  15  0:52  Drone  
  15  0:56  Drone  
  17  1:00  Drone  
  18  1:10  Extractor  
  17  1:15  Spawning Pool  
  16  1:18  Drone  
  16  1:21  Drone  
  18  1:29  Drone  
  19  1:39  Drone  
  20  1:50  Drone  
  21  2:01  Queen x2  
  21  2:02  Zergling x2  
  21  2:03  Overlord  
  26  2:09  Metabolic Boost  
  26  2:11  Drone  
  26  2:14  Drone  
  28  2:22  Drone  
  29  2:28  Drone  
  30  2:36  Baneling Nest  
  29  2:42  Hatchery  
  28  2:45  Drone  
  28  2:48  Drone  
  30  2:51  Zergling x2  
  30  2:56  Overlord  
  30  2:57  Drone  
  32  3:01  Drone  
  33  3:06  Zergling x4  
  34  3:13  Overlord  
  34  3:18  Drone x2  
  34  3:19  Drone  
  37  3:22  Zergling x6  
  40  3:29  Overlord  
  40  3:33  Baneling x2  
  40  3:35  Queen  
  40  3:38  Drone  
  43  3:42  Drone x2  
  43  3:45  Drone  
  43  3:46  Drone  
  43  3:48  Drone  
  48  3:54  Drone x2  
  50  4:00  Drone x3  
  52  4:05  Evolution Chamber, Zergling x4  
  52  4:06  Zergling x2  
  54  4:10  Overlord  
  54  4:11  Baneling x2  
  54  4:15  Zergling x4  
  55  4:20  Queen  
  55  4:22  Zergling x2  
  58  4:26  Zergling x2  
  58  4:35  Drone  
  57  4:41  Zergling x12  
  57  4:45  Drone x3  
  58  4:48  Baneling x2  
  58  4:50  Drone x2  
  59  5:03  Drone x2  
  61  5:07  Hatchery, Baneling  
  61  5:11  Extractor, Roach Warren  
  61  5:13  Zergling x4  
  60  5:17  Overlord  
  60  5:19  Drone x2, Baneling  
  62  5:22  Baneling  
  62  5:27  Drone  
  62  5:30  Drone  
  62  5:42  Zergling x8  
  65  5:47  Zergling x2  
  65  5:49  Zergling x2  
  65  5:52  Baneling x3  
  65  5:55  Roach  
  71  6:02  Roach  
  73  6:09  Roach  
Tags
 
Add a new tag
Caveats
  • Supply blocks, unpowered buildings, or Contaminate may cause inaccurate times.
  • Supply counts are checked every 10 seconds.